 Dungeon Crawl Stone Soup version 0.29-a0-330-g52719c12eb (webtiles) character file.

Game seed: 14677273092801598556

1979 Aelig the Jinx (level 9, -8/67 HPs)
             Began as a Kobold Enchanter on Apr 29, 2022.
             Mangled by a two-headed ogre
             ... wielding a +0 giant spiked club
              (11 damage)
             ... on level 6 of the Dungeon.
             The game lasted 00:23:59 (10310 turns).

Aelig the Jinx (Kobold Enchanter)                  Turns: 10310, Time: 00:24:00

Health: -8/67      AC: 24    Str:  6    XL:     9   Next: 43%
Magic:  3/12       EV:  3    Int: 20    God:
Gold:   421        SH:  0    Dex: 15    Spells: 0/12 levels left

rFire   . . .      SeeInvis .   a - +2 dagger (venom)
rCold   . . .      Faith    .   (no shield)
rNeg    . . .      Spirit   .   (body armour currently unavailable)
rPois   +          Reflect  .   (helmet currently unavailable)
rElec   .          Harm     .   (cloak currently unavailable)
rCorr   .          Rampage  .   (gloves currently unavailable)
Will    .....      NoTele   +   (boots currently unavailable)
Stlth   +++++.....              (no amulet)
HPRegen 0.21/turn               (no ring)
MPRegen 0.13/turn               (no ring)

@: mighty, tree-form, very slightly contaminated
A: stationary, stasis, torment immunity, boosted hp, small, no large weapons,
nightstalker 3
a: no special abilities


You were on level 6 of the Dungeon.
You were a tree.
You visited 1 branch of the dungeon, and saw 7 of its levels.

You collected 421 gold pieces.

Inventory:

Hand Weapons
 a - a +2 dagger of venom (weapon)
Missiles
 n - a throwing net
 p - 230 stones (quivered)
Armour
 b - a +0 robe (melded)
 q - a +0 cloak (melded)
 s - a +0 pair of gloves (melded)
Jewellery
 h - a ring of magical power
Wands
 v - a wand of polymorph (11)
Scrolls
 c - a scroll of identify
 d - 7 scrolls of teleportation
 f - 2 scrolls of vulnerability {unknown}
 i - 2 scrolls of amnesia {unknown}
 j - 2 scrolls of magic mapping
 r - a scroll of enchant weapon
 u - a scroll of summoning {unknown}
 w - 2 scrolls of fear {unknown}
 y - a scroll of noise {unknown}
Potions
 e - 3 potions of resistance
 g - 2 potions of lignification
 k - a potion of degeneration {unknown}
 l - 4 potions of curing
 m - a potion of berserk rage {unknown}
 o - 2 potions of haste {unknown}
 x - a potion of heal wounds {unknown}


   Skills:
 + Level 7.3 Short Blades
 - Level 2.4 Dodging
 - Level 8.0 Stealth
 - Level 2.1 Spellcasting
 + Level 8.7 Hexes
 - Level 4.0 Ice Magic


You couldn't memorise any spells.
You knew the following spells:

 Your Spells              Type           Power      Damage    Failure   Level
a - Ensorcelled Hibernat  Hex/Ice        54%        N/A       1%          2
b - Confusing Touch       Hex            37%        N/A       1%          3
c - Tukima's Dance        Hex            37%        N/A       1%          3
d - Cause Fear            Hex            18%        N/A       4%          4

Your spell library contained the following spells:

 Spells                   Type           Power      Damage    Failure   Level
 Freeze                   Ice            72%        1d9       3%          1
 Dazzling Flash           Conj/Hex       38%        N/A       8%          3
 Inner Flame              Hex/Fire       19%        N/A       8%          3
 Frozen Ramparts          Ice            36%        1d5       9%          3
 Conjure Flame            Conj/Fire      2%         6-21      43%         3
 Ignite Poison            Fire/Tmut/Pois 2%         N/A       43%         3
 Hailstorm                Conj/Ice       10%        3d5       56%         4
 Sticky Flame             Conj/Fire      2%         2d3       83%         4
 Discord                  Hex            18%        N/A       100%        8


Dungeon Overview and Level Annotations

Branches:
Dungeon (7/15)
 Temple: D:4-7

Altars:
Makhleb

Annotations:
D:2 exclusion: downstairs
D:4 exclusion: downstairs
D:5 Sigmund


Innate Abilities, Weirdness & Mutations

You are a tree.
Your roots penetrate the ground, keeping you stationary.
You cannot be teleported.
You are immune to unholy pain and torment.
Your maximum health is greatly increased.
Your equipment is partially melded.
You are small and have problems with some larger weapons.
You are completely attuned to the shadows.


Message History

Aim: a two-headed ogre, wielding a +0 giant spiked club and a +0 giant club (chance to affect: 40%)
The two-headed ogre resists with some effort.
Casting: Ensorcelled Hibernation (safe; 1% risk of failure)
Confirm with . or Enter, or press ? or * to list all spells.
Aiming: Ensorcelled Hibernation (safe; 1% risk of failure)
Press: ? - help, Shift-Dir - straight line, f/p - two-headed ogre
Aim: a two-headed ogre, wielding a +0 giant spiked club and a +0 giant club (chance to affect: 40%)
You miscast Ensorcelled Hibernation.
You are very lightly contaminated with residual magic.
Nothing appears to happen.
The two-headed ogre completely misses you.
The two-headed ogre hits you with a +0 giant club.
Casting: Ensorcelled Hibernation (safe; 1% risk of failure)
Confirm with . or Enter, or press ? or * to list all spells.
Aiming: Ensorcelled Hibernation (safe; 1% risk of failure)
Press: ? - help, Shift-Dir - straight line, f/p - two-headed ogre
Aim: a two-headed ogre, wielding a +0 giant spiked club and a +0 giant club (chance to affect: 40%)
The two-headed ogre resists with some effort.
Casting: Ensorcelled Hibernation (safe; 1% risk of failure)
Confirm with . or Enter, or press ? or * to list all spells.
Aiming: Ensorcelled Hibernation (safe; 1% risk of failure)
Press: ? - help, Shift-Dir - straight line, f/p - two-headed ogre
Aim: a two-headed ogre, wielding a +0 giant spiked club and a +0 giant club (chance to affect: 40%)
The two-headed ogre resists with some effort.
The two-headed ogre barely misses you.
The two-headed ogre hits you with a +0 giant club!!
Really quaff the potion of lignification? [Y]es or [N]o only, please.
Really quaff the potion of lignification?
You turn into a tree.
Your +0 cloak melds into your body.
Your +0 pair of gloves melds into your body.
Your +0 robe melds into your body.
Your roots penetrate the ground.
The two-headed ogre hits you but does no damage.
The two-headed ogre hits you with a +0 giant club.
You feel very mighty all of a sudden.
You barely miss the two-headed ogre.
The two-headed ogre hits you with a +0 giant spiked club!!
* * * LOW HITPOINT WARNING * * *
The two-headed ogre hits you with a +0 giant club!
You die...

#..........#
#..........<#
#..##........# ...
#........# ###
....##........###.#
#....#.....##..#..#
#...#.....###....##
#.......###
##....## #.♣..###
##...... ##.O.#
##..#####
#...######..##
##...#.....##
##..........##
#............# #
#............## #
##.............# #
##...........†..#
##


You could see a two-headed ogre.

Vanquished Creatures
  A hornet (D:4)
  A sky beast (D:6)
  A black bear (D:4)
  An ogre (D:6)
  A kobold brigand (D:5)
  2 bullfrogs (D:6)
  3 scorpions
  3 necrophages
  A gnoll shaman (D:4)
  3 jellies (D:6)
  An orc priest (D:6)
  5 hounds
  3 iguanas
  Natasha (thrice) (D:4)
  6 orc wizards
  12 gnolls
  6 adders
  7 river rats (D:6)
  2 ufetubi (D:6)
  2 worms
  A dart slug (D:4)
  14 orcs
  4 ball pythons
  11 endoplasms
  7 giant cockroaches
  3 goblins
  7 hobgoblins
  10 jackals
  12 kobolds
  9 quokkas
  4 bats
  2 frilled lizards
  22 rats
170 creatures vanquished.

Vanquished Creatures (others)
  6 plants (D:4)
6 creatures vanquished.

Grand Total: 176 creatures vanquished

Notes
Turn   | Place    | Note
-------+----------+-------------------------------------------
     0 | D:1      | Aelig the Kobold Enchanter began the quest for the Orb.
     0 | D:1      | Reached XP level 1. HP: 10/10 MP: 3/3
   330 | D:1      | Reached XP level 2. HP: 7/15 MP: 5/5
   592 | D:1      | Learned a level 2 spell: Ensorcelled Hibernation
   877 | D:1      | Reached XP level 3. HP: 19/19 MP: 6/6
   926 | D:1      | Found a faded altar of an unknown god.
  1674 | D:2      | Found a burning altar of Makhleb.
  2460 | D:2      | Reached skill level 1 in Ice Magic
  2668 | D:2      | Reached XP level 4. HP: 17/24 MP: 7/7
  3362 | D:3      | Learned a level 3 spell: Confusing Touch
  3609 | D:4      | Noticed Natasha
  3615 | D:4      | Killed Natasha
  3616 | D:4      | Reached XP level 5. HP: 22/28 MP: 3/8
  3926 | D:3      | Reached skill level 5 in Hexes
  4458 | D:3      | Reached XP level 6. HP: 19/32 MP: 1/9
  4957 | D:4      | Noticed Natasha
  4962 | D:4      | Killed Natasha
  5300 | D:4      | Noticed Natasha
  5303 | D:4      | Killed Natasha
  5304 | D:4      | Reached XP level 7. HP: 36/36 MP: 7/10
  5343 | D:4      | Noticed a hornet
  5354 | D:4      | Killed a hornet
  5355 | D:4      | Reached skill level 5 in Stealth
  5634 | D:5      | Entered Level 5 of the Dungeon
  5794 | D:4      | Reached XP level 8. HP: 41/41 MP: 11/11
  6780 | D:4      | Found a burning altar of Makhleb.
  7394 | D:5      | Reached skill level 5 in Short Blades
  7398 | D:5      | Learned a level 3 spell: Tukima's Dance
  7483 | D:5      | Noticed Sigmund
  8164 | D:6      | Noticed a two-headed ogre
  8408 | D:6      | Noticed a two-headed ogre
  8632 | D:6      | Reached XP level 9. HP: 21/45 MP: 7/12
  9672 | D:5      | Learned a level 4 spell: Cause Fear
 10310 | D:6      | HP: 3/67 [two-headed ogre/+0 giant spiked club (25)]
 10310 | D:6      | Mangled by a two-headed ogre

Illustrated notes

Levels and vault maps discovered:
D:1:      matt_arrival_grand_opening, layout_loops_corners,
          dilly_ecumenical_altar_fadedgnrine, minmay_misc_feat_pillars,
          corexii_corridor_pit, hangedman_decor_peaks_small
D:2:      layout_loops_cross, basic_altar, serial_rivers,
          chequers_serial_rivers_small_b, chequers_serial_rivers_micro_b,
          chequers_serial_rivers_micro_c, chequers_serial_rivers_micro_e
D:3:      layout_rooms
D:4:      layout_basic, mainiacjoe_overflow_alcove_2, serial_forest,
          infiniplex_forest_zigzag_1, infiniplex_forest_clump_double,
          infiniplex_forest_clump_diagonal, infiniplex_forest_zigzag_1,
          infiniplex_forest_end_3, nrook_mini_vaults, uniq_natasha
D:5:      layout_gridville, chequers_serial_rivers_marsh, sigmund_army,
          uniq_sigmund
D:6:      lemuel_ratsnest, layout_cave_pods, chequers_arboretum
D:7:      layout_gridville, minmay_temple_entry_mini_moons,
          grunt_decor_resistance

Skill      XL: |  1  2  3  4  5  6  7  8  9 |
---------------+----------------------------+-----
Short Blades   | 2 3 4 5 7 |  7.3
Ice Magic      | 1 2 3 4 |  4.0
Hexes          | 4 5 6 8 |  8.7
Stealth        | 5 6 8 |  8.0
Dodging        | |  2.4
Spellcasting   | |  2.1

Action                   |  1- 3 |  4- 6 |  7- 9 || total
-------------------------+-------+-------+-------++-------
Melee: Dagger            |   105 |    83 |   215 ||   403
       Punch             |       |     2 |     1 ||     3
Throw: Stone             |       |     1 |     3 ||     4
 Cast: Ensorcelled Hiber |       |    33 |    52 ||    85
       Confusing Touch   |       |       |     5 ||     5
       Tukima's Dance    |       |       |     4 ||     4
  Use: Scroll            |     2 |     4 |     3 ||     9
       Potion            |       |     3 |     5 ||     8
 Stab: Sleeping          |    20 |    25 |    47 ||    92
       Invisible         |       |       |     1 ||     1
       Confused          |       |       |     4 ||     4
Armor: Robe              |    11 |    11 |    24 ||    46
       Skin              |       |    35 |     1 ||    36
Dodge: Dodged            |    58 |    35 |   127 ||   220

Table legend: (Time is in decaauts)
 A = Elapsed time spent in this place.
 B = Non-inter-level travel time spent in this place.
 C = Inter-level travel time spent in this place.
 D = Time resting spent in this place.
 E = Time spent auto-exploring this place.
 F = Levels seen in this place.
 G = Mean time per level.
                   A        B        C        D        E       F      G
               +--------+--------+--------+--------+--------+-----+--------+
         Total |  10246 |   9756 |    490 |   2957 |   4457 |   7 | 1463.7 |
       Dungeon |  10246 |   9756 |    490 |   2957 |   4457 |   7 | 1463.7 |
               +--------+--------+--------+--------+--------+-----+--------+

Top non-repeatable levels by time:
     D:6: 2221 daAuts
     D:2: 1876 daAuts
     D:1: 1723 daAuts
     D:4: 1662 daAuts
     D:3: 1638 daAuts
     D:5: 1109 daAuts
     D:7: 14 daAuts
